 Dungeon Crawl Stone Soup version 0.31-a0-1476-g8a4046af8c (webtiles) character file.

Game seed: 10717088803840952865

60 Descartes the Digger (level 4, -4/30 HPs)
             Began as a Formicid Earth Elementalist on Dec 29, 2023.
             Slain by Terence
             ... wielding a +0 hand axe
              (6 damage)
             ... on level 1 of the Dungeon.
             The game lasted 00:03:01 (1458 turns).

Descartes the Digger (Formicid Earth Elementalist)  Turns: 1458, Time: 00:03:01

Health: -4/30      AC:  6    Str: 14    XL:     4   Next: 24%
Magic:  2/9        EV: 27    Int: 15    God:
Gold:   48         SH:  0    Dex: 14    Spells: 8/9 levels left

rFire   . . .        d - +0 hand axe
rCold   . . .        (no shield)
rNeg    . . .        a - +0 robe
rPois   .            (helmet unavailable)
rElec   .            (no cloak)
rCorr   .            (no gloves)
SInv    +            (no boots)
Will    .....        l - amulet of the acrobat
Stlth   ++           j - +4 ring of protection
HPRegen 0.25/turn    g - ring of flight
MPRegen 0.11/turn

%: acrobat
@: acrobatic, flying
A: permanent stasis, dig shafts and tunnels, antennae 3, four strong arms
a: Dig, Shaft Self


You were on level 1 of the Dungeon.
You visited 1 branch of the dungeon, and saw 2 of its levels.

You collected 48 gold pieces.

Inventory:

Hand Weapons
 d - a +0 hand axe (weapon)
Armour
 a - a +0 robe (worn)
Jewellery
 g - a ring of flight (right hand)
 j - a +4 ring of protection (left hand)
 k - a ring of ice
 l - an amulet of the acrobat (around neck)
Scrolls
 c - 3 scrolls of identify {unknown}
 h - a scroll of amnesia {unknown}
 i - a scroll of vulnerability {unknown}
Potions
 b - a potion of magic
 e - a potion of might {unknown}
 f - a potion of curing {unknown}


   Skills:
 - Level 1.7 Dodging
 - Level 2.4 Stealth
 + Level 3.4 Spellcasting
 + Level 4.8 Earth Magic
 - Level 1.3 Alchemy


You had 8 spell levels left.
You knew the following spells:

 Your Spells              Type           Power      Damage    Failure   Level
a - Sandblast             Erth           34%        2d9       2%          1

Your spell library contained the following spells:

 Spells                   Type           Power      Damage    Failure   Level
 Passwall                 Erth           17%        N/A       8%          3
 Stone Arrow              Conj/Erth      18%        3d8       22%         3
 Lesser Beckoning         Tloc           4%         N/A       28%         2
 Momentum Strike          Conj/Tloc      4%         3d8       28%         2
 Petrify                  Alch/Erth      11%        N/A       47%         4
 Brom's Barrelling Bould  Conj/Erth      9%         2d3       56%         4
 Blink                    Tloc           Unusable   N/A       N/A         2

Dungeon Overview and Level Annotations

Branches:
Dungeon (2/15)

Altars:

Annotations:
D:1 Terence


Innate Abilities, Weirdness & Mutations

You cannot be hasted, slowed, berserked, paralysed or teleported.
You can dig through walls and to a lower floor.
You have a pair of large antennae on your head. (SInv)
Your four strong arms can wield two-handed weapons with a shield.


Message History

Casting: Sandblast (safe; 2% risk of failure)
Confirm with . or Enter, or press ? or * to list all spells.
Aiming: Sandblast (safe; 2% risk of failure)
Press: ? - help, Shift-Dir - straight line, f/p - Terence
Aim: Terence, wielding a +0 hand axe and wearing a +0 chain mail (heavily wounded, 87% to hit)
The blast of sand misses Terence.
Terence barely misses you. Terence attacks as he pursues you!
Terence closely misses you.
Casting: Sandblast (safe; 2% risk of failure)
Confirm with . or Enter, or press ? or * to list all spells.
Aiming: Sandblast (safe; 2% risk of failure)
Press: ? - help, Shift-Dir - straight line, f/p - Terence
Aim: Terence, wielding a +0 hand axe and wearing a +0 chain mail (heavily wounded, 87% to hit)
The blast of sand hits Terence but does no damage.
Terence is heavily wounded.
Terence misses you. Terence hits you with a +0 hand axe.
* * * LOW HITPOINT WARNING * * *
Terence attacks as he pursues you! Terence barely misses you.
Terence attacks as he pursues you! Terence completely misses you.
Casting: Sandblast (safe; 2% risk of failure)
Confirm with . or Enter, or press ? or * to list all spells.
Aiming: Sandblast (safe; 2% risk of failure)
Press: ? - help, Shift-Dir - straight line, f/p - Terence
Aim: Terence, wielding a +0 hand axe and wearing a +0 chain mail (heavily wounded, 87% to hit)
The blast of sand hits Terence but does no damage.
Terence is heavily wounded.
Terence barely misses you. Terence attacks as he pursues you!
Terence hits you with a +0 hand axe.
* * * LOW HITPOINT WARNING * * *
Terence attacks as he pursues you! Terence completely misses you.
Terence attacks as he pursues you! Terence closely misses you.
Terence attacks as he pursues you! Terence hits you with a +0 hand axe.
* * * LOW HITPOINT WARNING * * *
Terence attacks as he pursues you! Terence closely misses you.
Terence says, "Don't bother to defend, it's pointless."
Terence attacks as he pursues you! Terence hits you with a +0 hand axe.
* * * LOW HITPOINT WARNING * * *
Terence attacks as he pursues you! Terence closely misses you.
Terence attacks as he pursues you! Terence hits you with a +0 hand axe.
You die...
Terence says, "Time to find some more victims."

#######..###
#........รท.#
#.#####..#.#
#########........#.#
#####..........##.####.#
....#.#######..##.## #.#
###.#.# #..#.#.###.#
.##.#.# #...###....#
.##.#.########.#@#.#####
..#............##@##
.>........####.##.#
..###.###.####.##.# ###
#.............#
###############


You could see Terence.

Vanquished Creatures
  An adder (D:2)
  A dart slug (D:1)
  2 bats (D:1)
  3 endoplasms (D:1)
  3 giant cockroaches (D:1)
  5 goblins
  9 hobgoblins
  4 kobolds (D:1)
  3 quokkas (D:1)
  2 ball pythons (D:2)
  4 frilled lizards (D:1)
  4 rats
41 creatures vanquished.

Notes
Turn   | Place    | Note
-------+----------+-------------------------------------------
     0 | D:1      | Descartes the Formicid Earth Elementalist began the quest
                  | for the Orb.
     0 | D:1      | Reached XP level 1. HP: 13/13 MP: 3/3
   202 | D:1      | Reached XP level 2. HP: 19/19 MP: 1/5
   248 | D:1      | Reached skill level 4 in Earth Magic
   443 | D:1      | Reached XP level 3. HP: 24/24 MP: 4/7
  1315 | D:2      | Reached XP level 4. HP: 30/30 MP: 6/8
  1362 | D:2      | Noticed Terence
  1456 | D:1      | HP: 1/30 [Terence/+0 hand axe (4)]
  1458 | D:1      | Slain by Terence

Illustrated notes

Levels and vault maps discovered:
D:1:      minmay_arrival_loop, layout_loops_ring
D:2:      layout_rooms, serial_shops, nicolae_shop_hallway_plus, uniq_jessica,
          uniq_terence, uniq_sigmund

Skill      XL: |  1  2  3 |
---------------+----------+-----
Earth Magic    | 4 |  4.8
Spellcasting   | 3 |  3.4
Dodging        | |  1.7
Stealth        | |  2.4
Alchemy        | |  1.3

Action                     |  1- 3 |  4- 6 || total
---------------------------+-------+-------++-------
  Melee: Hand axe          |     1 |       ||     1
   Cast: Sandblast         |    49 |    16 ||    65
 Armour: Robe              |     3 |    14 ||    17
  Dodge: Dodged            |     8 |    34 ||    42

Table legend: (Time is in decaauts)
 A = Elapsed time spent in this place.
 B = Non-inter-level travel time spent in this place.
 C = Inter-level travel time spent in this place.
 D = Time resting spent in this place.
 E = Time spent auto-exploring this place.
 F = Levels seen in this place.
 G = Mean time per level.
                   A        B        C        D        E       F      G
               +--------+--------+--------+--------+--------+-----+--------+
         Total |   1489 |   1443 |     46 |      0 |   1137 |   2 |  744.5 |
       Dungeon |   1489 |   1443 |     46 |      0 |   1137 |   2 |  744.5 |
               +--------+--------+--------+--------+--------+-----+--------+

Top non-repeatable levels by time:
     D:1: 1274 daAuts
     D:2: 215 daAuts
